 Dungeon Crawl Stone Soup version 0.28-a0-178-ga708605c5b (webtiles) character file.

Game seed: 8783990757941314716

88 Smaepdii the Magician (level 4, -4/32 HPs)
             Began as a Djinni Venom Mage on Aug 17, 2021.
             Was an Initiate of Ru.
             Slain by an orc (7 damage)
             ... on level 6 of the Dungeon.
             The game lasted 00:10:52 (2618 turns).

Smaepdii the Magician (Djinni Venom Mage)           Turns: 2618, Time: 00:10:53

Health: -4/32      AC:  3    Str:  7    XL:     4   Next: 81%
Gold:   48         EV: 13    Int: 17    God:    Ru [......] SH:  0 Dex: 14

rFire   + + .      SeeInvis .   c - +0 dagger
rCold   x . .      Faith    .   (no shield)
rNeg    . . .      Spirit   .   a - +1 robe
rPois   ∞          Reflect  .   (no helmet)
rElec   .          Harm     .   (no cloak)
rCorr   .          Rampage  .   (no gloves)
Will    .....                   (boots unavailable)
Stlth   +.........              (no amulet)
HPRegen 0.10/turn               (no ring)
MPRegen 0.00/turn               (no ring)

@: lit by a corona, flying, glowing
A: sickness immunity, fire resistance 2, cold vulnerability 1, float, innate
caster, hp casting, extra vitality 1
a: Renounce Religion


You were on level 6 of the Dungeon.
You worshipped Ru.
Ru was noncommittal.
You visited 1 branch of the dungeon, and saw 4 of its levels.

You collected 48 gold pieces.

Inventory:

Hand Weapons
 c - a +0 dagger (weapon)
Armour
 a - a +1 robe (worn)
 b - a +0 ring mail
 h - a +0 leather armour
Jewellery
 e - a +4 ring of evasion
Potions
 f - a potion of resistance
 i - a potion of curing {unknown}
 k - a potion of magic {unknown}


   Skills:
 + Level 1.4 Fighting
 + Level 3.0 Dodging
 + Level 2.2 Stealth
 * Level 3.1 Spellcasting


You couldn't memorise any spells.
You knew the following spells:

 Your Spells              Type           Power      Damage    Failure   Level
a - Sting                 Tmut/Pois      52%        1d5       4%          1
b - Poisonous Vapours     Pois/Air       26%        N/A       7%          2
c - Mephitic Cloud        Conj/Pois/Air  13%        N/A       14%         3
d - Olgreb's Toxic Radia  Pois           13%        N/A       43%         4
e - Freeze                Ice            52%        1d7       4%          1
Your spell library was empty.

Dungeon Overview and Level Annotations

Branches:
Dungeon (3/15)

Altars:
Ru

Annotations:
D:6 Dowan, Duvessa


Innate Abilities, Weirdness & Mutations

You are immune to sickness and miasma.
You are immune to poison.
Your flesh is very heat resistant. (rF++)
You are vulnerable to cold. (rC-)
You float through the air rather than walking.
You learn spells naturally, not from books.
Your magical power is your life essence.
You have superior vitality. (+4 HP)


Message History

Found a stone staircase leading down.
You are sucked into a shaft and drop 3 floors!
The shaft crumbles and collapses.
Found 29 stones.
An ogre comes into view. It is wielding a +0 giant spiked club.
Found a robe.
Duvessa and Dowan come into view.
Duvessa is wielding a +2 short sword of speed and carrying a wand of flame (16).
Dowan shouts! 2 orcs come into view.
An orc is wielding a +2 hand axe of freezing.
The orc shouts! x2
An orc priest comes into view. It is wielding a +0 mace.
Dowan casts a spell at you. The puff of frost hits you.
You feel a terrible chill!
The ogre shouts!
Dowan casts a spell at you.
You are outlined in light.
Dowan casts a spell at you. The puff of frost hits you!
You feel a terrible chill!
Ouch! That really hurt!
Dowan mumbles some strange words.
Dowan blinks!
You barely miss Dowan. Dowan hits you with a +0 dagger.
* * * LOW HITPOINT WARNING * * *
The ogre barely misses you.
As you read the scroll labelled ANEB BOHAUX, it crumbles to dust.
It is a scroll of amnesia.
You feel forgetful for a moment. Dowan hits you with a +0 dagger.
* * * LOW HITPOINT WARNING * * *
As you read the scroll labelled HUUQER OTEUDUO, it crumbles to dust.
It is a scroll of enchant armour.
Your +0 robe glows green for a moment.
The ogre barely misses you.
Dowan gestures wildly while chanting.
Dowan blinks!
As you read the scroll labelled NANWAGOUSYA, it crumbles to dust.
It is a scroll of identify.
f - a potion of resistance The orc hits you from afar with a +0 trident!
You die...

############
.........§(#
........##@#
#####.##O# #....o.#
.########o...o.##
#..o.......[..........
#o#######...........##
#.........#.#
########### #


You could see an ogre and 2 orcs.

Vanquished Creatures
  3 adders
  A worm (D:2)
  3 dart slugs
  7 bats
  2 endoplasms
  3 goblins
  6 hobgoblins
  3 jackals (D:1)
  5 quokkas
  8 ball pythons
  5 frilled lizards
  4 kobolds
  2 rats
52 creatures vanquished.

Notes
Turn   | Place    | Note
-------+----------+-------------------------------------------
     0 | D:1      | Smaepdii the Djinni Venom Mage began the quest for the Orb.
     0 | D:1      | Reached XP level 1. HP: 15/15 MP: 0/0
   269 | D:1      | Reached XP level 2. HP: 21/22 MP: 0/0
   507 | D:1      | Found a faded altar of an unknown god.
   744 | D:1      | Reached XP level 3. HP: 25/26 MP: 0/0
   744 | D:1      | Learned a level 1 spell: Freeze
   840 | D:1      | Reached skill level 1 in Fighting
  1461 | D:2      | Reached XP level 4. HP: 27/32 MP: 0/0
  1552 | D:2      | Found a sacrificial altar of Ru.
  1566 | D:2      | Became a worshipper of Ru the Awakened
  2595 | D:3      | You are sucked into a shaft and drop 3 floors!
  2596 | D:6      | Noticed an ogre
  2599 | D:6      | Noticed Duvessa
  2599 | D:6      | Noticed Dowan
  2618 | D:6      | Slain by an orc

Illustrated notes

Levels and vault maps discovered:
D:1:      dpeg_arrival_court, layout_loops_ring,
          hellmonk_ecumenical_altar_pennies_from_heaven,
          chequers_serial_rivers_room_b
D:2:      layout_basic, basic_altar, roderic_roman_lattice, st_stairs_12
D:3:      layout_loops_corners
D:6:      layout_loops_ring, vehumet_altar_wand_db, amcnicky_mini_pool_small,
          uniq_duvessa, uniq_pikel

Skill      XL: |  1  2  3  4 |
---------------+-------------+-----
Stealth        | 2 |  2.2
Fighting       | 1 |  1.4
Spellcasting   | 3 |  3.1
Dodging        | 3 |  3.0

Action                   |  1- 3 |  4- 6 || total
-------------------------+-------+-------++-------
Melee: Unarmed           |     1 |       ||     1
       Dagger            |     3 |     2 ||     5
 Cast: Sting             |    53 |    12 ||    65
       Poisonous Vapours |       |    19 ||    19
       Mephitic Cloud    |       |     1 ||     1
       Freeze            |       |     1 ||     1
  Use: Scroll            |       |     3 ||     3
Armor: Robe              |     5 |       ||     5
Dodge: Dodged            |    22 |    11 ||    33

Table legend: (Time is in decaauts)
 A = Elapsed time spent in this place.
 B = Non-inter-level travel time spent in this place.
 C = Inter-level travel time spent in this place.
 D = Time resting spent in this place.
 E = Time spent auto-exploring this place.
 F = Levels seen in this place.
 G = Mean time per level.
                   A        B        C        D        E       F      G
               +--------+--------+--------+--------+--------+-----+--------+
         Total |   2616 |   2571 |     45 |    714 |   1383 |   4 |  654.0 |
       Dungeon |   2616 |   2571 |     45 |    714 |   1383 |   4 |  654.0 |
               +--------+--------+--------+--------+--------+-----+--------+

Top non-repeatable levels by time:
     D:1: 1258 daAuts
     D:2: 1015 daAuts
     D:3: 319 daAuts
     D:6: 22 daAuts
